 Dungeon Crawl Stone Soup version 0.18-a0-1267-gff090c1 (webtiles) character file.

1769079 Motquri the Grand Gadgeteer (level 27, 172/179 HPs)
             Began as a Gargoyle Fighter on Feb 4, 2016.
             Was the Champion of Pakellas.
             Escaped with the Orb
             ... and 3 runes on Feb 6, 2016!
             The game lasted 04:58:42 (61761 turns).

Motquri the Grand Gadgeteer (Gargoyle Fighter)     Turns: 61761, Time: 04:58:42

Health: 172/179    AC: 67    Str: 30      XL:     27
Magic:  4/29       EV: 11    Int: 11 (12) God:    Pakellas [******]
Gold:   2508       SH: 32    Dex: 11 (12) Spells: 2 memorised, 23 levels left

rFire  + + +     SeeInvis +     T - +7 demon whip (elec)
rCold  + + .     Gourm    .     N - +9 armour of the Dragon King {rPois rF+ rC+ MR+}
rNeg   + . .     Faith    .     u - +7 large shield
rPois  ∞         Spirit   .     K - +2 helmet
rElec  +         Dismiss  .     i - +1 cloak "Laaredurho" {rPois rF+ rCorr Slay-3}
rCorr  +         Reflect  .     H - +2 pair of gloves {Dex+3}
SustAt .         Harm     .     Y - +1 pair of boots
MR     +++..                    n - amulet of regeneration
Stlth  ..........               O - ring "Wyhim" {Wiz rElec rC+ MP-9 SInv}
                                X - ring of protection from fire

@: flying, very slightly contaminated, extremely resistant to hostile
enchantments, extremely unstealthy
A: big wings, blurry vision 1, deterioration 1, negative energy resistance 1,
electricity resistance, unbreathing, petrification resistance, rot immunity, AC
+20
a: Stop Flying, Quick Charge, Device Surge, Renounce Religion
0: Orb of Zot
}: 3/15 runes: serpentine, barnacled, silver


You escaped.
You worshipped Pakellas.
Pakellas was exalted by your worship.
You were not hungry.

You visited 9 branches of the dungeon, and saw 49 of its levels.
You also visited: Ossuary and Ice Cave.

You collected 5991 gold pieces.
You spent 3483 gold pieces at shops.

Inventory:

Hand Weapons
 T - a +7 demon whip of electrocution (weapon)
Armour
 i - the +1 cloak "Laaredurho" (worn) {rPois rF+ rCorr Slay-3}
   (You acquired it on level 1 of the Orcish Mines)

   It affects your accuracy and damage with ranged weapons and melee attacks
   (-3).
   It protects you from fire.
   It protects you from poison.
   It protects you from acid and corrosion.
 u - a +7 large shield (worn)
 H - a +2 pair of gloves of dexterity (worn)
 K - a +2 helmet (worn)
 N - the +9 armour of the Dragon King (worn) {rPois rF+ rC+ MR+}
   (You found it on level 8 of the Dungeon)

   It protects you from fire.
   It protects you from cold.
   It protects you from poison.
   It affects your resistance to hostile enchantments.
 Y - a +1 pair of boots (worn)
Rods
 g - a +9 rod of ignition (17/17)
   (You took it off a deep elf mage on level 5 of the Vaults)
 h - a +8 iron rod (15/15)
   (Pakellas gifted it to you on level 2 of the Depths)
 J - a +10 rod of clouds (18/18)
   (Pakellas gifted it to you on level 4 of the Shoals)
Jewellery
 n - an amulet of regeneration (around neck)
 o - the ring of Dim Light {rPois Str+7 Int-3 Dex+2 SInv}
   (You found it on level 3 of the Realm of Zot)

   [ring of dexterity]

   It affects your strength (+7).
   It affects your intelligence (-3).
   It affects your dexterity (+2).
   It protects you from poison.
   It lets you see invisible.
 B - an uncursed ring of resist corrosion
 O - the ring "Wyhim" (right hand) {Wiz rElec rC+ MP-9 SInv}
   (You took it off a spriggan defender on level 2 of the Depths)

   [ring of wizardry]

   It improves your spell success rate.
   It protects you from cold.
   It insulates you from electricity.
   It affects your magic capacity (-9).
   It lets you see invisible.
 Q - an uncursed ring of protection from magic
 X - a ring of protection from fire (left hand)
Wands
 c - a wand of digging (8/24)
 m - a wand of acid (3/15)
 t - a wand of hasting (1/9)
 v - a wand of heal wounds (0/9)
 M - a wand of teleportation (0/9)
 R - a wand of iceblast (2/15)
Scrolls
 a - 16 scrolls of remove curse
 e - 2 scrolls of holy word
 k - 9 scrolls of fog
 r - 5 scrolls of fear
 y - a scroll of teleportation
 z - 20 scrolls of identify
 E - 2 scrolls of silence
 F - 4 scrolls of blinking
 W - 5 scrolls of magic mapping
Potions
 b - 2 potions of resistance
 d - 2 potions of might
 j - 22 potions of curing
 p - 7 potions of brilliance
 s - a potion of cure mutation
 x - 5 potions of berserk rage
 C - a potion of invisibility
 I - 3 potions of agility
 P - a potion of magic
 V - 3 potions of cancellation
Miscellaneous
 l - a fan of gales
 q - a lamp of fire
 A - a phial of floods
 G - a stone of tremors
 S - a disc of storms
 U - a phantom mirror
Comestibles
 f - 23 bread rations


   Skills:
 - Level 20.0 Fighting
 - Level 16.5 Maces & Flails
 + Level 21.4 Armour
 + Level 12.7 Dodging
 + Level 21.2 Shields
 * Level 23.2 Evocations


You had 23 spell levels left.
You knew the following spells:

 Your Spells              Type           Power        Failure   Level  Hunger
a - Summon Butterflies    Summ           #.......     99%         1    ##.....
b - Blink                 Tloc           N/A          99%         2    ###....


Dungeon Overview and Level Annotations

Branches:
Dungeon (15/15)            Temple (1/1) D:7            Lair (8/8) D:11
 Shoals (4/4) Lair:3        Snake (4/4) Lair:4        Slime (0/6) Lair:7
    Orc (2/2) D:11            Elf (0/3) Orc:2        Vaults (5/5) D:13
  Crypt (0/3) Vaults:3     Depths (5/5) D:15            Zot (5/5) Depths:5

Altars:
Ashenzari
Cheibriados
Dithmenos
Elyvilon
Fedhas
Gozag
Kikubaaqudgha
Makhleb
Nemelex Xobeh
Okawaru
Pakellas
Qazlal
Ru
Sif Muna
Trog
Vehumet
Xom
Yredelemnul
Zin
The Shining One
Jiyva

Shops:
D:9 *   D:10 [   Orc:1 !   Orc:2 *[(=*   Shoals:1 }   Shoals:2 *   Snake:1 (
Snake:3 ?   Vaults:2 *   Vaults:4 !

Portals:
Hell: Depths:1 Depths:2
Abyss: Depths:2
Pandemonium: Depths:1 Depths:2
Ziggurat: Depths:1

Annotations:
D:6 1 exclusion
Depths:3 1 runed door
Zot:2 exclusion: lightning spire


Innate Abilities, Weirdness & Mutations

You are resistant to torment.
Your stone body is resilient (AC +20).
You are immune to poison.
Your large and strong wings let you fly indefinitely.
You resist negative energy.
You are resistant to electric shocks.
You can survive without breathing.
You are immune to petrification.
You are immune to rotting.
Scrolls take you a little longer to read.
Your body sometimes deteriorates upon taking damage.


Message History

Your armour of the Dragon King prevents you from hitting the Orb Guardian.
The Orb Guardian is almost dead.
You block the sixfirhy's attack. You block the Orb Guardian's attack.
A smoke demon comes into view.
You barely miss the Orb Guardian.
The Orb Guardian is almost dead.
You block the sixfirhy's attack. x2
You hit the Orb Guardian.
The Orb Guardian is almost dead.
You block the sixfirhy's attack. The sixfirhy hits you!
The sixfirhy shocks you. You resist. You block the Orb Guardian's attack.
You whack the Orb Guardian!
You kill the Orb Guardian!
Pakellas accepts your kill.
You feel your power returning. You block the sixfirhy's attack.
The sixfirhy hits you but does no damage.
The smoke demon gestures at you. You block the sticky flame.
You block the sixfirhy's attack.
You have escaped!

#.# ######...............♣
#.######..♣.....♣♣#'''#♣♣...♣
#.............♣♣###...###♣♣.♣
###..........♣♣ #.......# ♣♣♣
#♣........♣####..8.8..####
♣♣....♣♣###..#4......#..###
♣...♣♣ #....#.8...8.'....#
♣...♣ #....#...⌠...#....#
♣♣♣.♣ #.@3.'.8...8.#..⌠.# ♣.♣
#..4.#...8...#....# ♣♣♣
###################


You could see a sixfirhy and a smoke demon.

Vanquished Creatures
  4 orbs of fire (Zot:5)
  3 ancient liches (Zot:5)
  4 juggernauts
  2 curse toes
  2 Killer Klowns
  7 golden dragons
  3 caustic shrikes
  A bone dragon (Zot:1)
  3 electric golems
  6 liches
  Rupert (Lair:7)
  10 tentacled monstrosities
  23 Orb Guardians
  Polyphemus (Shoals:3)
  5 titans
  2 acid blobs (Depths:1)
  12 death cobs
  2 sphinxes
  8 shadow dragons
  Kirke (Shoals:1)
  The ghost of M4edhros the Fetichist, an adept OpAr of Fedhas (Shoals:2)
  A draconian monk (Zot:4)
  6 tengu reavers
  9 storm dragons
  Roxanne (D:15)
  Ilsuiw (Shoals:4)
  3 azure jellies (Depths:1)
  10 greater nagas
  17 frost giants
  15 fire giants
  A draconian zealot (Depths:5)
  Donald (Snake:4)
  3 iron dragons
  Wiglaf (Snake:3)
  An orc warlord (Orc:1)
  4 ghost moths
  2 deep elf sorcerers
  2 balrugs
  2 draconian scorchers
  3 draconian knights
  A draconian shifter (Zot:1)
  8 vault wardens
  Aizul (Snake:4)
  27 stone giants
  A caustic shrike zombie (Depths:2)
  7 ironheart preservers
  2 draconian annihilators
  3 spriggan defenders (Depths:2)
  A draconian caller (Zot:1)
  4 vampire knights
  3 green draconians (Zot:1)
  11 very ugly things
  2 purple draconians
  3 yellow draconians
  2 deep elf annihilators (Vaults:5)
  2 salamander stormcallers (Vaults:3)
  5 black draconians
  6 white draconians
  5 merfolk javelineers (Shoals:4)
  8 red draconians
  9 spark wasps
  5 mottled draconians
  14 ettins
  A large abomination (Zot:1)
  A green death (Zot:3)
  2 eidola (Vaults:3)
  6 death oozes (Depths:1)
  26 vault guards
  12 merfolk impalers
  14 fire dragons
  A small abomination (Zot:1)
  Snorg (Lair:7)
  6 great orbs of eyes
  A deep elf death mage (Depths:3)
  6 jiangshi
  15 yaktaur captains
  Fannar (Lair:3)
  A deep elf high priest (Zot:1)
  5 rakshasas
  9 hydras
  Harold (Orc:1)
  21 ice dragons
  An iron giant zombie (Depths:2)
  11 naga warriors
  A merfolk avatar (Shoals:2)
  7 entropy weavers
  5 catoblepae
  A spriggan air mage (Depths:2)
  12 anacondas
  14 ogre magi
  2 death knights
  2 satyrs
  The ghost of Motq the Basher, a journeyman GrFi of Pakellas (Orc:1)
  5 merfolk aquamancers (Shoals:4)
  14 centaur warriors
  5 deep troll earth magi
  12 deep troll shamans
  12 tengu warriors
  29 death yaks
  3 vampire magi
  10 shock serpents
  A shock serpent (shapeshifter) (Vaults:3)
  6 spriggan berserkers
  A soul eater (Depths:2)
  A titan zombie (Depths:2)
  23 naga sharpshooters
  9 hell knights
  A fire crab (shapeshifter) (Vaults:2)
  Nergalle (Lair:4)
  4 deep elf knights
  9 skeletal warriors
  3 iron trolls
  A fire crab (Vaults:4)
  7 salamander mystics
  2 sea snakes (shapeshifter) (Depths:3)
  2 shadow wraiths
  3 unseen horrors
  A gelid demonspawn (Depths:2)
  7 flayed ghosts
  3 deep elf archers
  10 naga ritualists
  24 deep trolls
  9 sea snakes
  6 hill giants
  2 giant orange brains (shapeshifter)
  9 ironbrand convokers
  4 giant orange brains
  2 anubis guards (shapeshifter)
  A harpy (shapeshifter) (Depths:5)
  A sphinx zombie (Depths:2)
  Pikel (D:7)
  2 phantasmal warriors
  A tengu zombie (Depths:2)
  5 necromancers
  22 harpies
  A wizard (Vaults:3)
  15 orc knights
  14 fauns
  68 ugly things
  An oklob plant (Snake:4)
  8 orc sorcerers
  15 griffons
  13 mana vipers
  15 moths of wrath
  13 salamanders
  10 cyclopes
  10 deep elf magi
  5 wolf spiders
  9 water nymphs
  A sixfirhy (Depths:2)
  10 manticores
  11 sirens
  A guardian serpent (shapeshifter) (Depths:2)
  15 naga magi
  21 elephants
  3 ice statues (IceCv)
  4 centaur zombies
  A black mamba (shapeshifter) (Vaults:5)
  47 black mambas
  5 guardian serpents
  9 vault sentinels
  12 spiny frogs
  An elf skeleton (Depths:2)
  An elf zombie (Depths:2)
  A spriggan zombie (Depths:2)
  6 komodo dragons
  2 efreet
  6 tengu conjurers
  35 yaktaurs
  An ice devil (Depths:2)
  9 fire drakes
  3 red devils (Depths:1)
  A guardian mummy (Zot:1)
  A troll (shapeshifter) (D:14)
  32 merfolk
  3 hellwings (Depths:1)
  6 freezing wraiths
  11 trolls
  3 polar bears
  A jumping spider (Depths:5)
  21 two-headed ogres
  A slime creature (shapeshifter) (Vaults:5)
  2 wind drakes
  8 wargs
  20 blink frogs
  16 slime creatures
  5 snapping turtles
  A blink frog (shapeshifter) (Depths:1)
  5 boulder beetles
  A frost giant simulacrum (Vaults:1)
  A snapping turtle (shapeshifter) (Depths:2)
  7 redbacks
  3 air elementals (Depths:2)
  24 water elementals
  A wyvern (D:15)
  3 vampires
  3 tarantellas
  A wraith (Vaults:4)
  2 shadows
  2 hogs (D:8)
  A human (D:8)
  A fire bat (shapeshifter) (D:15)
  35 yaks
  45 orc warriors
  7 hippogriffs
  16 vampire mosquitoes
  A basilisk (D:11)
  A neqoxec (Depths:2)
  A hog (shapeshifter) (D:15)
  2 hungry ghosts
  A human simulacrum (Vaults:2)
  A steam dragon (shapeshifter) (Depths:3)
  19 wolves
  A mottled dragon (D:12)
  49 nagas
  A soldier ant (shapeshifter) (Depths:3)
  14 porcupines
  15 water moccasins
  9 ice beasts
  6 hell hounds (Depths:1)
  5 sky beasts
  A wasp (D:14)
  3 phantoms
  A black bear (D:11)
  61 ogres
  2 necrophages (D:11)
  2 eyes of draining (D:13)
  9 boggarts
  31 centaurs
  18 crocodiles
  4 big kobolds
  Blork the orc (D:4)
  17 giant frogs
  A water moccasin zombie (D:7)
  A scorpion (D:8)
  13 killer bees
  A vampire bat (Lair:8)
  6 wights
  4 electric eels
  6 crimson imps
  12 hounds
  16 jellies
  3 quasits
  A giant frog zombie (D:8)
  15 orc priests
  16 orc wizards
  An iron imp (Depths:2)
  4 centaur skeletons
  8 iguanas
  8 worker ants
  A hell rat (shapeshifter) (Vaults:3)
  17 sheep
  6 big kobold zombies (Ossuary)
  A hound skeleton (D:10)
  A mummy (Ossuary)
  A worker ant zombie (D:8)
  8 adders
  22 river rats
  9 shadow imps
  2 white imps (Depths:2)
  An ooze (Depths:1)
  An adder skeleton (D:4)
  6 worms
  9 giant geckos
  91 orcs
  3 spectral bats (Ossuary)
  8 giant cockroaches
  9 goblins
  5 hobgoblins
  6 jackals
  6 quokkas
  2 ball pythons
  12 bats
  4 bat simulacra (Ossuary)
  A giant cockroach zombie (D:6)
  A giant gecko zombie (D:7)
  4 giant newts
  7 gnoll zombies
  4 goblin simulacra (Ossuary)
  4 goblin zombies (Ossuary)
  6 hobgoblin zombies (Ossuary)
  26 kobolds
  2 kobold simulacra (Ossuary)
  2 kobold zombies (Ossuary)
  4 orc zombies (Ossuary)
  A quokka skeleton (D:4)
  A quokka zombie (D:7)
  8 rats
  3 rat simulacra (Ossuary)
  3 spectral goblins (Ossuary)
  4 spectral kobolds (Ossuary)
  4 spectral rats (Ossuary)
  A butterfly (Lair:7)
  2 plants
2178 creatures vanquished.

Vanquished Creatures (collateral kills)
  Saint Roka (Vaults:2)
  A vault warden (Vaults:5)
  3 ironheart preservers
  A merfolk javelineer (Shoals:4)
  A merfolk impaler (Shoals:4)
  An ogre mage (Vaults:3)
  A yaktaur captain (Vaults:5)
  A death knight (Vaults:4)
  A satyr (Shoals:3)
  An orc high priest (Orc:2)
  A wizard (Depths:2)
  2 orc knights
  An ugly thing (Vaults:3)
  A griffon (Shoals:2)
  A siren (Shoals:2)
  A vault sentinel (Vaults:5)
  A yaktaur (Vaults:5)
  A freezing wraith (Vaults:4)
  2 merfolk
  A two-headed ogre (Vaults:3)
  A snapping turtle (Shoals:3)
  4 yaks (D:13)
  A human simulacrum (Vaults:2)
  A naga (Snake:4)
  5 orc warriors
  A black bear (D:13)
  An ogre (Vaults:3)
  An orc wizard (Vaults:2)
  2 orc priests (Vaults:2)
  7 orcs
  A crawling corpse (Zot:1)
49 creatures vanquished.

Vanquished Creatures (others)
  2 eldritch tentacles
  A tengu reaver (Depths:5)
  2 fire giants
  An orc warlord (Orc:2)
  A draconian scorcher (Zot:1)
  An orc sorcerer (D:15)
  A komodo dragon (D:15)
  A human (Shoals:1)
  A naga (Snake:2)
  2 orc warriors
  2 slaves (D:7)
  An orc wizard (D:7)
  An orc (Vaults:2)
  A gnoll zombie (Ossuary)
  A hobgoblin zombie (Ossuary)
  An orc zombie (Ossuary)
  A bush (Lair:8)
  146 eldritch tentacle segments
  31 fungi
  32 plants
230 creatures vanquished.

Grand Total: 2457 creatures vanquished

Notes
Turn   | Place    | Note
--------------------------------------------------------------
     0 | D:1      | Motquri the Gargoyle Fighter began the quest for the Orb.
     0 | D:1      | Reached XP level 1. HP: 14/14 MP: 1/1
   135 | D:1      | Reached XP level 2. HP: 10/20 MP: 2/2
   803 | D:1      | Reached XP level 3. HP: 22/24 MP: 3/3
  1033 | D:2      | Found a glowing golden altar of the Shining One.
  1089 | D:2      | Reached skill level 4 in Fighting
  1214 | D:2      | Found a basalt altar of Yredelemnul.
  1916 | D:3      | Reached skill level 1 in Evocations
  2024 | D:3      | Reached XP level 4. HP: 26/29 MP: 4/4
  2049 | D:3      | Noticed a moth of wrath
  2070 | D:3      | Found a white marble altar of Elyvilon.
  2411 | D:3      | Found a bloodstained altar of Trog.
  2613 | D:4      | Noticed Blork the orc
  2624 | D:4      | Killed Blork the orc
  2624 | D:4      | Reached XP level 5. HP: 34/34 MP: 6/6
  2800 | D:4      | Reached skill level 5 in Fighting
  2800 | D:4      | Reached XP level 6. HP: 33/40 MP: 7/7
  2863 | D:4      | Found a shadowy altar of Dithmenos.
  3024 | D:4      | Found a glowing silver altar of Zin.
  3027 | D:4      | Found a snail-covered altar of Cheibriados.
  3030 | D:4      | Found an opulent altar of Gozag.
  3249 | D:5      | Entered Level 5 of the Dungeon
  3581 | D:5      | Noticed a sky beast
  3610 | D:5      | Killed a sky beast
  3610 | D:5      | Reached XP level 7. HP: 35/45 MP: 9/9
  3631 | D:5      | Noticed a hippogriff
  3653 | D:5      | Killed a hippogriff
  3653 | D:5      | Reached skill level 6 in Fighting
  3653 | D:5      | Reached skill level 5 in Maces & Flails
  4594 | D:5      | Got a twisted ring mail
  4610 | D:5      | Identified the +1 ring mail of Jall {rN+ MP-9 Dex+3} (You found it on level 5 of the Dungeon)
  4747 | D:5      | Reached XP level 8. HP: 52/52 MP: 11/11
  4995 | D:6      | Found a sand-covered staircase.
  5000 | Ossuary  | Entered an ossuary
  5401 | Ossuary  | Reached skill level 7 in Fighting
  6378 | D:7      | Reached skill level 5 in Evocations
  6415 | D:7      | Noticed Pikel
  6451 | D:7      | Killed Pikel
  6451 | D:7      | Reached XP level 9. HP: 59/59 MP: 11/13
  6465 | D:7      | Found a burning altar of Makhleb.
  6526 | D:7      | Found a staircase to the Ecumenical Temple.
  6549 | Temple   | Entered the Ecumenical Temple
  7006 | D:7      | Reached skill level 8 in Fighting
  7901 | D:8      | Found a blossoming altar of Fedhas.
  7932 | D:8      | Found an iron altar of Okawaru.
  7933 | D:8      | Found a shattered altar of Ashenzari.
  7935 | D:8      | Found an oddly glowing altar of Pakellas.
  8169 | D:9      | Reached skill level 9 in Maces & Flails
  8219 | D:9      | Reached XP level 10. HP: 40/66 MP: 14/14
  8354 | D:9      | Found Xuxoresch's General Store.
  8377 | D:9      | Paralysed by a crimson imp for 4 turns
  8424 | D:9      | Paralysed by a crimson imp for 3 turns
  8433 | D:9      | Paralysed by a crimson imp for 6 turns
  8810 | D:8      | Reached skill level 10 in Maces & Flails
  9195 | D:9      | Noticed a hill giant
  9205 | D:9      | Killed a hill giant
  9841 | D:8      | Became a worshipper of Pakellas the Inventive
 10040 | D:8      | Reached skill level 10 in Fighting
 10449 | D:10     | Entered Level 10 of the Dungeon
 10498 | D:10     | Reached skill level 11 in Maces & Flails
 10525 | D:10     | Found Fagishro's Antique Armour Shoppe.
 10533 | D:10     | Bought a pair of gloves for 153 gold pieces
 10564 | D:10     | Reached XP level 11. HP: 69/72 MP: 16/16
 10565 | D:10     | Noticed a hill giant
 10586 | D:10     | Noticed a sea snake
 10586 | D:10     | a hill giant changed into a sea snake
 10626 | D:10     | Killed a sea snake
 10844 | D:10     | Found an opulent altar of Gozag.
 10876 | D:10     | Reached * piety under Pakellas
 10972 | D:10     | Noticed a hill giant
 10975 | D:10     | Noticed an ice dragon
 10975 | D:10     | a hill giant changed into an ice dragon
 10997 | D:10     | Killed an ice dragon
 11190 | D:11     | Found a glowing golden altar of the Shining One.
 11217 | D:11     | Found a staircase to the Lair.
 11273 | D:11     | Reached ** piety under Pakellas
 11273 | D:11     | Received a gift from Pakellas
 11362 | D:11     | Reached skill level 12 in Maces & Flails
 11428 | Lair:1   | Entered Level 1 of the Lair of Beasts
 11439 | Lair:1   | Reached skill level 5 in Armour
 11506 | Lair:1   | Reached skill level 5 in Shields
 11672 | Lair:1   | Reached *** piety under Pakellas
 11758 | Lair:1   | Noticed a four-headed hydra
 11770 | Lair:1   | Killed a four-headed hydra
 11770 | Lair:1   | Reached XP level 12. HP: 70/77 MP: 18/18
 13123 | Lair:2   | Reached **** piety under Pakellas
 13123 | Lair:2   | Received a gift from Pakellas
 13483 | Lair:3   | Noticed Fannar
 13492 | Lair:3   | Noticed a catoblepas
 13511 | Lair:3   | Killed Fannar
 13520 | Lair:3   | Killed a catoblepas
 13680 | Lair:3   | Found a staircase to the Shoals.
 13708 | Lair:3   | Reached skill level 10 in Evocations
 14330 | Lair:4   | Reached XP level 13. HP: 82/82 MP: 20/20
 14385 | Lair:4   | Found a staircase to the Snake Pit.
 14532 | Lair:4   | Noticed Nergalle
 14541 | Lair:4   | Killed Nergalle
 15822 | Lair:5   | Reached ***** piety under Pakellas
 16103 | Lair:5   | Reached skill level 10 in Shields
 16319 | Lair:5   | Reached skill level 10 in Armour
 16783 | Lair:6   | Found a frozen archway.
 16792 | Lair:6   | Noticed an ice dragon
 16852 | Lair:6   | Killed an ice dragon
 16874 | IceCv    | Entered an ice cave
 17180 | IceCv    | Got a steaming falchion
 17186 | IceCv    | Identified the cursed +3 falchion "Ciowatu" {speed, rC+ rN+ SInv} (You found it in an ice cave)
 17417 | Lair:6   | You fall through a shaft for 2 floors!
 17417 | Lair:8   | Entered Level 8 of the Lair of Beasts
 17686 | Lair:7   | Gained mutation: Your large and strong wings let you fly indefinitely. [Gargoyle growth]
 17686 | Lair:7   | Reached XP level 14. HP: 83/88 MP: 22/22
 18013 | Lair:7   | Noticed Snorg
 18027 | Lair:7   | Killed Snorg
 18057 | Lair:7   | Found a staircase to the Slime Pits.
 18058 | Lair:7   | Found a viscous altar of Jiyva.
 18195 | Lair:7   | Noticed Rupert
 18222 | Lair:7   | Killed Rupert
 19189 | Lair:8   | Found an opulent altar of Gozag.
 19250 | Lair:8   | Learned a level 1 spell: Summon Butterflies
 19413 | Lair:8   | Reached ****** piety under Pakellas
 19656 | Lair:8   | Got a transparent pewter ring
 19658 | Lair:8   | Identified the cursed ring "Homm" {rElec AC-3} (You found it on level 8 of the Lair of Beasts)
 20730 | Lair:8   | Reached XP level 15. HP: 67/93 MP: 24/24
 20744 | Lair:8   | Reached skill level 13 in Evocations
 21056 | Lair:8   | Received a gift from Pakellas
 21118 | Lair:8   | Got a smoking hunting sling
 21119 | Lair:8   | Identified the +7 hunting sling of World's End {flame, rPois} (You found it on level 8 of the Lair of Beasts)
 22301 | D:11     | Found a staircase to the Orcish Mines.
 22345 | Orc:1    | Entered Level 1 of the Orcish Mines
 22345 | Orc:1    | Found a burning altar of Makhleb.
 22355 | Orc:1    | Found Exig's Distillery.
 22368 | Orc:1    | Bought a potion of cure mutation for 350 gold pieces
 22404 | Orc:1    | Noticed Motq's ghost (journeyman GrFi)
 22444 | Orc:1    | Killed Motq's ghost
 22490 | Orc:1    | Noticed Harold
 22490 | Orc:1    | Noticed an orc warlord
 22535 | Orc:2    | Entered Level 2 of the Orcish Mines
 22558 | Orc:1    | Killed Harold
 22577 | Orc:1    | Killed an orc warlord
 22598 | Orc:1    | Gained mutation: You are weak. (Str -2) [a neqoxec]
 22761 | Orc:1    | Identified a scroll of acquirement
 22767 | Orc:1    | Got a faintly humming cloak
 22778 | Orc:1    | Identified the +1 cloak "Laaredurho" {rPois rF+ rCorr Slay-3} (You acquired it on level 1 of the Orcish Mines)
 23298 | Orc:2    | Found Uboemua's General Store.
 23306 | Orc:2    | Bought a scroll of identify for 36 gold pieces
 23306 | Orc:2    | Bought a potion of cure mutation for 450 gold pieces
 23341 | Orc:2    | Found Lifukh's Antique Armour Shoppe.
 23422 | Orc:2    | Bought a pair of embroidered gloves for 153 gold pieces
 23456 | Orc:2    | Found a staircase to the Elven Halls.
 23513 | Orc:2    | Noticed an orc warlord
 23799 | Orc:2    | Found a bloodstained altar of Trog.
 23872 | Orc:2    | Found Cozic's Jewellery Shop.
 23900 | Orc:2    | Found Hoss's Antique Weapon Shoppe.
 24070 | Orc:2    | Found Atolier's General Store.
 24078 | Orc:2    | Bought a scroll of identify for 26 gold pieces
 25500 | D:12     | Noticed Psyche
 25506 | D:12     | Noticed Psyche
 25506 | D:12     | Psyche changed into Psyche the mottled dragon
 25514 | D:12     | Killed Psyche the mottled dragon
 25743 | D:12     | Reached skill level 14 in Evocations
 26470 | D:13     | Reached XP level 16. HP: 67/101 MP: 21/26
 26855 | D:13     | Found a gate to the Vaults.
 27715 | D:14     | Learned a level 2 spell: Blink
 27806 | D:14     | Received a gift from Pakellas
 28124 | D:15     | Entered Level 15 of the Dungeon
 28234 | D:15     | Found a staircase to the Depths.
 28302 | D:15     | Noticed Roxanne
 28556 | D:15     | Killed Roxanne
 28705 | D:15     | Upgraded the game from 0.18-a0-1229-ge9a1a01 to 0.18-a0-1243-g9e52518
 29669 | Depths:1 | Entered Level 1 of the Depths
 29879 | Depths:1 | Reached skill level 15 in Evocations
 30389 | Depths:1 | Reached XP level 17. HP: 95/110 MP: 28/28
 30733 | Depths:1 | Found a one-way gate leading to the halls of Pandemonium.
 30735 | Depths:1 | Got a fine morningstar
 30738 | Depths:1 | Identified the +4 morningstar of Riufo {drain, Str+3 Dex+4} (You found it on level 1 of the Depths)
 30755 | Depths:1 | Found a gateway to Hell.
 30839 | Depths:1 | Gained mutation: You have a somewhat thin skeletal structure (Dex +2, Stealth). [potion of mutation]
 30839 | Depths:1 | Gained mutation: You have sharp toenails. [potion of mutation]
 30839 | Depths:1 | Gained mutation: You have a moderately thin skeletal structure (Dex +4, Stealth+). [potion of mutation]
 31099 | Snake:1  | Entered Level 1 of the Snake Pit
 31565 | Snake:1  | Reached skill level 16 in Evocations
 32388 | Snake:1  | Found Nablyqo's Antique Weapon Shoppe.
 32877 | Snake:2  | Found a shadowy altar of Dithmenos.
 34016 | Snake:3  | Reached skill level 17 in Evocations
 34030 | Snake:3  | Reached XP level 18. HP: 75/116 MP: 26/30
 34113 | Snake:3  | Noticed Wiglaf
 34147 | Snake:3  | Killed Wiglaf
 34221 | Snake:3  | Received a gift from Pakellas
 34861 | Snake:3  | Found Girphez's Magic Scroll Emporium.
 34869 | Snake:3  | Bought a scroll of recharging for 133 gold pieces
 34869 | Snake:3  | Bought a scroll of recharging for 133 gold pieces
 34869 | Snake:3  | Bought a scroll of recharging for 133 gold pieces
 34970 | Snake:4  | Entered Level 4 of the Snake Pit
 35046 | Snake:4  | Noticed Aizul
 35089 | Snake:4  | Killed Aizul
 35406 | Snake:4  | Found an ancient bone altar of Kikubaaqudgha.
 36043 | Snake:4  | Reached skill level 15 in Fighting
 36116 | Snake:4  | Noticed Donald
 36829 | Snake:4  | Killed Donald
 36829 | Snake:4  | Reached XP level 19. HP: 58/124 MP: 25/31
 37085 | Snake:4  | Got a serpentine rune of Zot
 37398 | Lair:1   | Gained mutation: You are resistant to hostile enchantments. [potion of beneficial mutation]
 37471 | Shoals:1 | Entered Level 1 of the Shoals
 37472 | Shoals:1 | Noticed Kirke
 37492 | Shoals:1 | Killed Kirke
 37607 | Shoals:1 | Found Zazeisi's Gadget Shoppe.
 37623 | Shoals:1 | Reached skill level 15 in Shields
 37666 | Shoals:1 | Bought a lamp of fire for 600 gold pieces
 37666 | Shoals:1 | Bought a phial of floods for 600 gold pieces
 37757 | Shoals:1 | Reached skill level 15 in Armour
 38348 | Shoals:2 | Found Cule's Assorted Antiques.
 38564 | Shoals:2 | Noticed M4edhros's ghost (adept OpAr)
 38633 | Shoals:2 | Killed M4edhros's ghost
 39310 | Shoals:3 | Noticed Polyphemus
 39316 | Shoals:4 | Entered Level 4 of the Shoals
 39475 | Shoals:4 | Received a gift from Pakellas
 39478 | Shoals:4 | Reached skill level 18 in Evocations
 39507 | Shoals:4 | Noticed Ilsuiw
 39626 | Shoals:4 | Killed Ilsuiw
 40820 | Shoals:4 | Reached XP level 20. HP: 131/131 MP: 33/33
 41022 | Shoals:4 | Got a barnacled rune of Zot
 41332 | Shoals:3 | Killed Polyphemus
 42182 | Lair:1   | Identified a +2 rod of clouds (12/12) (Pakellas gifted it to you on level 4 of the Shoals)
 42270 | Vaults:1 | Entered Level 1 of the Vaults
 42588 | Vaults:1 | Identified Wifess's Almanac of Damage Dealing
 43362 | Vaults:2 | Reached skill level 19 in Evocations
 43373 | Vaults:2 | Noticed Saint Roka
 43403 | Vaults:2 | Killed Saint Roka
 43620 | Vaults:2 | Found Musi's General Store.
 44186 | Vaults:2 | Reached skill level 1 in Dodging
 44205 | Vaults:2 | Identified a +10 rod of clouds (18/18) (supercharged by Pakellas)
 44559 | Vaults:2 | Received a gift from Pakellas
 45279 | Vaults:3 | Found a staircase to the Crypt.
 45400 | Vaults:3 | Reached XP level 21. HP: 80/136 MP: 23/34
 47606 | Vaults:4 | Found Jicvuna's Distillery.
 47637 | Vaults:4 | Bought a potion of agility for 56 gold pieces
 47932 | Vaults:4 | Reached skill level 5 in Dodging
 48270 | Vaults:5 | Entered Level 5 of the Vaults
 48277 | Vaults:5 | Reached XP level 22. HP: 131/144 MP: 35/35
 48278 | Vaults:5 | Received a gift from Pakellas
 48280 | Vaults:5 | Reached skill level 20 in Evocations
 48362 | Vaults:5 | Noticed a golden dragon
 48367 | Vaults:5 | Got a silver rune of Zot
 48480 | Vaults:5 | Reached skill level 15 in Maces & Flails
 48786 | Lair:1   | Identified a +0 rod of ignition (12/12) (You took it off a deep elf mage on level 5 of the Vaults)
 49071 | Depths:1 | Upgraded the game from 0.18-a0-1243-g9e52518 to 0.18-a0-1267-gff090c1
 49901 | Depths:1 | Found a gateway to a ziggurat.
 49974 | Depths:1 | Reached XP level 23. HP: 110/150 MP: 37/37
 50504 | Depths:2 | Noticed a caustic shrike
 50524 | Depths:2 | Killed a caustic shrike
 51115 | Depths:2 | Noticed a golden dragon
 51134 | Depths:2 | Killed a golden dragon
 51347 | Depths:2 | Received a gift from Pakellas
 51431 | Depths:2 | Noticed a golden dragon
 51468 | Depths:2 | Killed a golden dragon
 51539 | Depths:2 | Noticed a juggernaut
 51723 | Depths:2 | Killed a juggernaut
 51723 | Depths:2 | Reached XP level 24. HP: 141/157 MP: 16/37
 52230 | Depths:2 | Noticed a juggernaut
 52245 | Depths:2 | Killed a juggernaut
 52320 | Depths:2 | Found a one-way gate to the infinite horrors of the Abyss.
 52480 | Depths:2 | Identified the Collected Works on Evil
 52663 | Depths:2 | Found a runed door.
 53702 | Depths:3 | Reached skill level 21 in Evocations
 53755 | Depths:3 | Noticed a juggernaut
 53781 | Depths:3 | Killed a juggernaut
 53947 | Depths:3 | Noticed a caustic shrike
 53964 | Depths:3 | Killed a caustic shrike
 54021 | Depths:3 | Reached XP level 25. HP: 159/164 MP: 37/37
 54033 | Depths:3 | Noticed a juggernaut
 54050 | Depths:3 | Killed a juggernaut
 54130 | Depths:3 | Noticed an iron giant
 54845 | Depths:5 | Entered Level 5 of the Depths
 54922 | Depths:5 | Found a gate to the Realm of Zot.
 54936 | Depths:5 | Reached skill level 10 in Dodging
 55023 | Depths:5 | Received a gift from Pakellas
 55288 | Zot:1    | Entered Level 1 of the Realm of Zot
 55601 | Zot:1    | Noticed a Killer Klown
 55888 | Zot:1    | Killed a Killer Klown
 55940 | Zot:1    | Noticed an orb of fire
 56105 | Zot:1    | Reached XP level 26. HP: 92/173 MP: 20/37
 56299 | Zot:1    | Noticed an orb of fire
 56305 | Zot:1    | Gained mutation: Your spells are a little easier to cast, but a little less powerful. [an orb of fire]
 57368 | Zot:3    | Got a shimmering lead ring
 57389 | Zot:3    | Identified the ring of Dim Light {rPois Str+7 Int-3 Dex+2 SInv} (You found it on level 3 of the Realm of Zot)
 57640 | Zot:4    | Noticed an orb of fire
 57641 | Zot:4    | Gained mutation: Scrolls take you a little longer to read. [an orb of fire]
 57669 | Zot:5    | Entered Level 5 of the Realm of Zot
 58022 | Zot:5    | Reached skill level 22 in Evocations
 58048 | Zot:5    | Noticed an ancient lich
 58077 | Zot:5    | Killed an ancient lich
 58094 | Zot:5    | Noticed an ancient lich
 58139 | Zot:5    | Noticed an ancient lich
 58140 | Zot:5    | Noticed an orb of fire
 58140 | Zot:5    | Noticed an orb of fire
 58151 | Zot:5    | Gained mutation: You occasionally shout uncontrollably at your foes. [an orb of fire]
 58169 | Zot:5    | Lost mutation: You occasionally shout uncontrollably at your foes. [potion of cure mutation]
 58169 | Zot:5    | Lost mutation: Your spells are a little easier to cast, but a little less powerful. [potion of cure mutation]
 58169 | Zot:5    | Lost mutation: Scrolls take you a little longer to read. [potion of cure mutation]
 58169 | Zot:5    | Lost mutation: You are resistant to hostile enchantments. [potion of cure mutation]
 58169 | Zot:5    | Lost mutation: You have a moderately thin skeletal structure (Dex +4, Stealth+). [potion of cure mutation]
 58182 | Zot:5    | Noticed an ancient lich
 58188 | Zot:5    | Gained mutation: You have a pair of small horns on your head. [an orb of fire]
 58188 | Zot:5    | Paralysed by an ancient lich for 2 turns
 58240 | Zot:5    | Killed an ancient lich
 58371 | Zot:5    | Gained mutation: Your magical capacity is low (-10% MP). [an orb of fire]
 58374 | Zot:5    | Noticed an orb of fire
 58380 | Zot:5    | Noticed an orb of fire
 58380 | Zot:5    | Noticed an orb of fire
 58390 | Zot:5    | Gained mutation: You are clumsy. (Dex -2) [an orb of fire]
 58607 | Zot:3    | Lost mutation: You are clumsy. (Dex -2) [potion of cure mutation]
 58607 | Zot:3    | Lost mutation: You have a pair of small horns on your head. [potion of cure mutation]
 58607 | Zot:3    | Lost mutation: You have sharp toenails. [potion of cure mutation]
 58820 | Depths:3 | Found a runed door.
 59195 | Depths:3 | Gained mutation: Scrolls take you a little longer to read. [a shining eye]
 59287 | Depths:2 | Reached XP level 27. HP: 94/179 MP: 22/34
 59292 | Depths:2 | Got a clouded lapis lazuli ring
 59294 | Depths:2 | Identified the ring "Wyhim" {Wiz rElec rC+ MP-9 SInv} (You took it off a spriggan defender on level 2 of the Depths)
 59623 | Orc:2    | Bought an uncursed ring of protection from fire for 300 gold pieces
 59625 | Orc:2    | Bought an uncursed amulet of regeneration for 360 gold pieces
 60153 | Zot:1    | Lost mutation: Scrolls take you a little longer to read. [potion of cure mutation]
 60153 | Zot:1    | Lost mutation: You are weak. (Str -2) [potion of cure mutation]
 60153 | Zot:1    | Lost mutation: Your magical capacity is low (-10% MP). [potion of cure mutation]
 60153 | Zot:1    | Lost mutation: You have a somewhat thin skeletal structure (Dex +2, Stealth). [potion of cure mutation]
 60343 | Zot:5    | Gained mutation: You occasionally shout uncontrollably at your foes. [an orb of fire]
 60368 | Zot:5    | Killed an orb of fire
 60418 | Zot:5    | Killed an ancient lich
 60672 | Zot:5    | Gained mutation: You are frail (-10% HP). [an orb of fire]
 60677 | Zot:5    | Gained mutation: Armour fits poorly on your strangely shaped body. [an orb of fire]
 60718 | Zot:5    | Killed an orb of fire
 60726 | Zot:5    | Gained mutation: Your spells are a little easier to cast, but a little less powerful. [an orb of fire]
 60743 | Zot:5    | Killed an orb of fire
 60762 | Zot:5    | Noticed an orb of fire
 60771 | Zot:5    | Gained mutation: Your body sometimes deteriorates upon taking damage. [an orb of fire]
 60783 | Zot:5    | Killed an orb of fire
 60798 | Zot:5    | Noticed an orb of fire
 60812 | Zot:5    | Noticed an orb of fire
 60840 | Zot:5    | Reached skill level 23 in Evocations
 60876 | Zot:5    | Lost mutation: You are frail (-10% HP). [potion of cure mutation]
 60876 | Zot:5    | Lost mutation: Armour fits poorly on your strangely shaped body. [potion of cure mutation]
 60876 | Zot:5    | Lost mutation: Your body sometimes deteriorates upon taking damage. [potion of cure mutation]
 60876 | Zot:5    | Lost mutation: Your spells are a little easier to cast, but a little less powerful. [potion of cure mutation]
 60876 | Zot:5    | Lost mutation: You occasionally shout uncontrollably at your foes. [potion of cure mutation]
 60934 | Zot:5    | Noticed an orb of fire
 60945 | Zot:5    | Gained mutation: You are clumsy. (Dex -2) [an orb of fire]
 60948 | Zot:5    | Gained mutation: You expend magic power (3 MP) to strengthen your wands. [an orb of fire]
 60959 | Zot:5    | Got the Orb of Zot
 60960 | Zot:5    | Lost mutation: You expend magic power (3 MP) to strengthen your wands. [potion of cure mutation]
 60960 | Zot:5    | Lost mutation: You are clumsy. (Dex -2) [potion of cure mutation]
 60965 | Zot:5    | Gained mutation: Your body sometimes deteriorates upon taking damage. [an orb of fire]
 60968 | Zot:5    | Gained mutation: Scrolls take you a little longer to read. [an orb of fire]
 60994 | Zot:5    | Noticed an orb of fire
 61511 | D:8      | Noticed Syhybb the pandemonium lord
 61761 | D:$      | Escaped with the Orb!

Vault maps used:
D:1:      sevenhm_arrival_forest_fort_large_2, minmay_misc_feat_diagonals
D:2:      tso_metal_star, lemuel_zombie_altar_yredelemnul
D:3:      tgw_trog, old_standard_altar
D:4:      nicolae_dithmenos_the_darkroom, grunt_temple_overflow_diamond,
          first_bread, kennysheep_generic_room_6, uniq_blork_the_orc
D:5:      lemuel_another_geyser
D:6:      nicolae_ossuary_entry_false_entrances
D:7:      minmay_klotski, bloody_makhleb, minmay_temple_entry_glass, uniq_pikel
D:8:      fedhas_altar_3, nicolae_overflow_hidden_temple, grunt_livestock
D:9:      nicolae_whirlpool, serial_shops, shop_statue
D:10:     basic_altar, serial_shops, shop_fountains, minmay_unpleasant_kobolds
D:11:     minmay_lair_entry_grove, orc_0_dummy, basic_altar
D:12:     small_statue_intersection, uniq_psyche
D:13:     david_vaults_5
D:14:     minmay_wavy_crystal, nrook_mini_backslash
D:15:     grunt_enter_depths_giant_problem, nicolae_benzene_ring, uniq_roxanne
Temple:   temple_island_7
Lair:1:   beast_lair_carwin_large_4
Lair:2:   infiniplex_staircase_pool_2
Lair:3:   minmay_shoals_entry_lonely_mermaid, uniq_fannar
Lair:4:   guppyfry_snake_entry_island, serial_bayou_shore_a, uniq_nergalle
Lair:6:   portal_ice_cave_entry_animals_and_master, grunt_megastairs_4
Lair:7:   slime_altar_1, serial_bayou_pond_e, cheibrodos_lair_caveside_slide,
          lemuel_fruit_fields, uniq_snorg, uniq_rupert
Lair:8:   evilmike_catoblepas_cave, roderic_batcave, lemuel_centaur_altar,
          lemuel_fruit_fields
Shoals:1: serial_shops, shop, uniq_kirke
Shoals:2: serial_shops, nicolae_shop_waterfront
Shoals:3: cheibrodos_shoals_oceanic_diplomacy, nicolae_shoals_seven_spires,
          uniq_polyphemus
Shoals:4: shoals_end_grunt_ice, shoals_ilsuiw_ice, nicolae_shoals_hunting_party
Snake:1:  serial_shops, nicolae_shop_statue_plus
Snake:2:  basic_altar
Snake:3:  serial_shops, shop_scrolls, serial_bayou_pond_b, uniq_wiglaf
Snake:4:  johnstein_snake_rune_scales, lemuel_oklob_altar, uniq_aizul,
          uniq_donald
Orc:1:    basic_altar, serial_shops, nicolae_shop_trees, uniq_harold
Orc:2:    grunt_orc_gardens, grunt_orc_garden, grunt_orc_garden,
          grunt_orc_garden, grunt_orc_garden, basic_altar, serial_shops, shop,
          library_closet
Vaults:1: nicolae_vaults_ring_of_whatevers, vaults_dpeg_encased_lava,
          ontoclasm_vaults_decontamination, ontoclasm_vaults_spin,
          nicolae_vaults_shelves_hall, vaults_room_door_ring, vaults_room_pools,
          grunt_vaults_bifocal, v_misc_10
Vaults:2: hangedman_vaults_maws, hangedman_vaults_stream,
          nicolae_vaults_windows_and_doors_thing, v_misc_9, v_alt_pattern_1,
          nicolae_vaults_puzzle_piece, ontoclasm_vaults_pinch, v_rooms_3,
          v_misc_14, vaults_room_pools, serial_shops, nicolae_shop_stone,
          uniq_saint_roka
Vaults:3: minmay_crypt_entry_simple_plaza, vaults_room_door_ring, v_pattern_5,
          ontoclasm_vaults_claustrophobia, nicolae_vaults_know_your_exits,
          nicolae_vaults_alarming, ontoclasm_vaults_eye, nicolae_vaults_theta,
          hangedman_vaults_nails, vaults_dpeg_ring, v_misc_2,
          hangedman_vaults_snaps, vaults_dpeg_diagonal
Vaults:4: vaults_room_pool, v_alt_pattern_2, nicolae_vaults_little_ls,
          v_misc_29, nicolae_vaults_yaktaur_gun_rack, v_pattern_4,
          grunt_vaults_focal, v_misc_5, grunt_vaults_funnel,
          ontoclasm_vaults_loading_screen, serial_shops, shop
Depths:1: enter_ziggurat_f, hellmouth_3, hangedman_abyss_or_decor_clamps,
          pan_entry, minmay_gold_behind_fungi, hex_medium, minmay_acid_items
Depths:2: hangedman_box_tower, hell_entry, grunt_decor_cap, abyss_entry,
          special_room, grunt_pan_entry_zigzag, lightli_giant_bouncers,
          infiniplex_staircase_river
Depths:3: box_level_dp, pan_entry, abyss_entry, hell_entry
Depths:4: grunt_arcs, abyss_entry, grunt_hell_horde,
          infiniplex_staircase_zigzag_1
Depths:5: grunt_zot_entry_tricorne, grunt_pan_entry_spiral,
          hangedman_abyss_entry_splay, hell_entry, uniq_frederick, uniq_boris
Zot:1:    hangedman_zot_vaults_quadrants, zot_minivault_5
Zot:2:    grunt_ministairs_11, amethyst_zot_foddershock, grunt_megastairs_5
Zot:4:    st_stairs_10, stair_cage_line
Ossuary:  ossuary_zaba_two_paths
IceCv:    ice_cave_statue_garden_02

Action                   |  1- 3 |  4- 6 |  7- 9 | 10-12 | 13-15 | 16-18 | 19-21 | 22-24 | 25-27 || total
-------------------------+-------+-------+-------+-------+-------+-------+-------+-------+-------++-------
Melee: Flail             |   106 |       |       |       |       |       |       |       |       ||   106
       Whip              |   114 |   272 |   728 |  1145 |  2565 |  1047 |       |       |       ||  5871
       Mace              |       |       |    53 |       |       |       |       |       |       ||    53
       Rod               |       |       |       |    11 |       |       |       |       |       ||    11
       Broad axe         |       |       |       |       |       |    14 |       |       |       ||    14
       Demon whip        |       |       |       |       |       |  1653 |  2574 |  1863 |  2058 ||  8148
       Morningstar       |       |       |       |       |       |    33 |       |       |       ||    33
Invok: Quick Charge      |       |       |       |       |     2 |     3 |     5 |    12 |    21 ||    43
       Supercharge       |       |       |       |       |       |       |     1 |       |       ||     1
 Abil: Evoke Berserk Rag |     1 |     2 |     2 |     2 |     6 |     2 |       |       |       ||    15
       Fly               |       |       |       |       |     1 |       |       |     1 |       ||     2
       Stop Flying       |       |       |       |       |       |       |       |     1 |       ||     1
Evoke: Wand              |       |       |       |     6 |    58 |    43 |    25 |    60 |    81 ||   273
       Rod               |       |       |       |     6 |    10 |     2 |     4 |    33 |    19 ||    74
       Stone of tremors  |       |       |       |       |       |     1 |     5 |     3 |     1 ||    10
       Lamp of fire      |       |       |       |       |       |       |    11 |     4 |     1 ||    16
       Phial of floods   |       |       |       |       |       |       |     5 |     3 |     1 ||     9
       Disc of storms    |       |       |       |       |       |       |     6 |    15 |       ||    21
       Fan of gales      |       |       |       |       |       |       |       |       |     1 ||     1
  Use: Scroll            |     7 |       |     5 |     7 |    17 |    17 |     6 |    14 |    24 ||    97
       Potion            |       |       |     1 |     1 |     2 |     1 |    12 |     9 |     9 ||    35
 Stab: Paralysed         |       |       |       |       |    40 |       |       |       |       ||    40
       Petrified         |       |       |       |       |     2 |       |     4 |       |       ||     6
       Confused          |       |       |       |       |     2 |       |       |       |       ||     2
       Distracted        |       |       |       |       |       |       |     1 |     3 |     1 ||     5
  Eat: Chunk             |     5 |     6 |     5 |    27 |    39 |    11 |    24 |     2 |       ||   119
       Pizza             |       |       |     1 |       |     3 |     2 |       |     1 |       ||     7
       Fruit             |       |       |     2 |       |       |     3 |     5 |     4 |     1 ||    15
       Meat ration       |       |       |     2 |     3 |     1 |     5 |     2 |     4 |     2 ||    19
       Royal jelly       |       |       |       |       |     1 |       |       |       |     1 ||     2
       Beef jerky        |       |       |       |       |       |     1 |     6 |     3 |     1 ||    11
       Bread ration      |       |       |       |       |       |       |       |       |     6 ||     6
